PCL
MILE HIGH BRONCOS @ TEXARKANA BEARS
04/11/2026
 
TOP OF THE 1ST
Mile High Broncos batting - Pitching for Lansing Lugnuts : RHP Ángelo Gusmán
Pitching: RHP Ángelo Gusmán
Batting: SHB Tom Stevens 0-0: Called Strike
0-1: Ball
1-1: Ball
2-1: Foul Ball, location: 2F
2-2: Foul Ball, location: 2F
2-2: Foul Ball, location: 2F
2-2: Ball
3-2: Strikes out swinging
Batting: LHB Geoff Bradley 0-0: SINGLE (Line Drive, 8LS)
Batting: LHB Tony Báez 0-0: Called Strike
0-1: Ball
1-1: Foul Ball, location: 2F
1-2: Ball
2-2: Ball
3-2: Strikes out swinging
Batting: RHB António Martínez 0-0: Ball
1-0: Ball
2-0: Ball
3-0: DOUBLE (Line Drive, 5D)
Geoff Bradley to third
Runner from 3rd tries for Home, SAFE, no throw or cutoff
Batting: RHB David Moran 0-0: Ground out 4-3 (Groundball, 34)
Top of the 1st over - 1 run(s), 2 hit(s), 0 error(s), 1 left on base; Mile High 1 - Lansing 0
BOTTOM OF THE 1ST
Lansing Lugnuts batting - Pitching for Mile High Broncos : LHP Mark Stewart
Pitching: LHP Mark Stewart
Batting: RHB Kun Liu 0-0: Foul Ball, location: 2F
0-1: Fly out, F5 (Line Drive, 5)
Batting: RHB Arturo Rodríguez 0-0: Ball
1-0: Fly out, F7 (Line Drive, 7M)
Batting: RHB Billy Campbell 0-0: Swinging Strike
0-1: Ball
1-1: Foul Ball, location: 2F
1-2: SINGLE (Flyball, 9LS)
Batting: RHB Gustavo Díaz 0-0: Called Strike
0-1: Called Strike
0-2: SINGLE (Groundball, 34)
Billy Campbell to second
Runner from 2nd tries for 3rd, SAFE, throw made to third
Batting: RHB David Murray 0-0: Called Strike
0-1: DOUBLE (Flyball, 78D)
Billy Campbell scores
Gustavo Díaz to third
Runner from 3rd tries for Home, SAFE, no throw or cutoff
Batting: LHB Tom Mullins 0-0: Called Strike
0-1: Ball
David Murray steals 3rd base
1-1: Called Strike
1-2: Foul Ball, location: 2F
1-2: Foul Ball, location: 2F
1-2: Foul Ball, location: 2F
1-2: Strikes out swinging
Bottom of the 1st over - 2 run(s), 3 hit(s), 0 error(s), 1 left on base; Mile High 1 - Lansing 2
TOP OF THE 2ND
Mile High Broncos batting - Pitching for Lansing Lugnuts : RHP Ángelo Gusmán
Batting: RHB Bo Vickers 0-0: Called Strike
0-1: Ball
1-1: Ball
2-1: Ground out 6-3 (Groundball, 6)
Batting: RHB Michael MacDonald 0-0: Ball
1-0: Ball
2-0: Ball
3-0: Base on Balls
Batting: SHB Paco Martínez 0-0: Foul Ball, location: 2F
0-1: Called Strike
0-2: Ball
1-2: Reached on error, E1 (Groundball, 15)
Michael MacDonald to second
Batting: RHB Francisco Medina 0-0: Swinging Strike
0-1: Ball
1-1: Ball
2-1: Swinging Strike
2-2: Strikes out looking
Batting: SHB Tom Stevens 0-0: Called Strike
0-1: Foul Ball, location: 2F
0-2: Ball
1-2: Ground out U3 (Groundball, 3L)
Top of the 2nd over - 0 run(s), 0 hit(s), 1 error(s), 2 left on base; Mile High 1 - Lansing 2
BOTTOM OF THE 2ND
Lansing Lugnuts batting - Pitching for Mile High Broncos : LHP Mark Stewart
Batting: RHB Juan Rico 0-0: Called Strike
0-1: Foul Ball, location: 2F
0-2: Ball
1-2: Ball
2-2: Reached on error, E4 (Groundball, 4M)
Batting: LHB Sam Barnes 0-0: Called Strike
0-1: Ball
1-1: Ball
2-1: Called Strike
2-2: Fly out, F3 (Line Drive, 34)
Batting: RHB Sadao Kimura 0-0: Swinging Strike
0-1: Fly out, F7 (Flyball, 7D)
Runner from 2nd tags up, SAFE at 3rd, no throw
Batting: RHB Kun Liu 0-0: Called Strike
0-1: Foul Ball, location: 2F
0-2: Ball
1-2: Ball
2-2: Ball
3-2: Foul Ball, location: 2F
3-2: Foul Ball, location: 2F
3-2: Strikes out swinging
Bottom of the 2nd over - 0 run(s), 0 hit(s), 1 error(s), 1 left on base; Mile High 1 - Lansing 2
TOP OF THE 3RD
Mile High Broncos batting - Pitching for Lansing Lugnuts : RHP Ángelo Gusmán
Batting: LHB Geoff Bradley 0-0: Called Strike
0-1: Ball
1-1: Foul Ball, location: 2F
1-2: Ball
2-2: Ball
3-2: Strikes out swinging
Batting: LHB Tony Báez 0-0: Called Strike
0-1: Ball
1-1: Ball
2-1: Ball
3-1: Base on Balls
Batting: RHB António Martínez 0-0: Ball
1-0: Swinging Strike
1-1: Ball
2-1: Swinging Strike
2-2: Foul Ball, location: 2F
2-2: Ball
Wild Pitch!
Tony Báez to second
3-2: Strikes out looking
Batting: RHB David Moran 0-0: Called Strike
0-1: Called Strike
0-2: Ball
1-2: Ball
2-2: Ball
3-2: Foul Ball, location: 2F
3-2: Ground out 2-3 (Groundball, 2R)
Top of the 3rd over - 0 run(s), 0 hit(s), 0 error(s), 1 left on base; Mile High 1 - Lansing 2
BOTTOM OF THE 3RD
Lansing Lugnuts batting - Pitching for Mile High Broncos : LHP Mark Stewart
Batting: RHB Arturo Rodríguez 0-0: Ball
1-0: Ground out 6-3 (Groundball, 6M)
Batting: RHB Billy Campbell 0-0: Ball
1-0: Ball
2-0: Called Strike
2-1: Ball
3-1: Foul Ball, location: 2F
3-2: Ground out 6-3 (Groundball, 6)
Batting: RHB Gustavo Díaz 0-0: Called Strike
0-1: Ground out 6-3 (Groundball, 6)
Bottom of the 3rd over - 0 run(s), 0 hit(s), 0 error(s), 0 left on base; Mile High 1 - Lansing 2
TOP OF THE 4TH
Mile High Broncos batting - Pitching for Lansing Lugnuts : RHP Ángelo Gusmán
Batting: RHB Bo Vickers 0-0: Ground out 1-3 (Groundball, 15)
Batting: RHB Michael MacDonald 0-0: Ball
1-0: Called Strike
1-1: SINGLE (Line Drive, 9LS)
Batting: SHB Paco Martínez 0-0: Ball
1-0: Swinging Strike
1-1: Called Strike
1-2: Strikes out swinging
Batting: RHB Francisco Medina 0-0: Called Strike
0-1: Ball
1-1: Ball
2-1: Called Strike
2-2: Foul Ball, location: 2F
Single, Error in OF, E7, batter to second base
Michael MacDonald to third
Batting: SHB Tom Stevens 0-0: Ball
1-0: Ball
2-0: Foul Ball, location: 2F
2-1: TRIPLE (Line Drive, 9LS)
Michael MacDonald scores
Francisco Medina scores
Batting: LHB Geoff Bradley 0-0: Foul Ball, location: 2F
0-1: Swinging Strike
0-2: Fly out, F4 (Line Drive, 4)
Top of the 4th over - 2 run(s), 3 hit(s), 1 error(s), 1 left on base; Mile High 3 - Lansing 2
BOTTOM OF THE 4TH
Lansing Lugnuts batting - Pitching for Mile High Broncos : LHP Mark Stewart
Batting: RHB David Murray 0-0: Called Strike
0-1: Ball
1-1: Fly out, F9 (Popup, 4MD)
Batting: LHB Tom Mullins 0-0: Called Strike
0-1: SINGLE (Groundball, 3D)
Batting: RHB Juan Rico 0-0: Ball
1-0: Ground out 3-1 (Groundball, 34)
Tom Mullins to second
Batting: LHB Sam Barnes 0-0: Fly out, F8 (Flyball, 8LS)
Bottom of the 4th over - 0 run(s), 1 hit(s), 0 error(s), 1 left on base; Mile High 3 - Lansing 2
TOP OF THE 5TH
Mile High Broncos batting - Pitching for Lansing Lugnuts : RHP Ángelo Gusmán
Batting: LHB Tony Báez 0-0: Ball
1-0: Ball
2-0: Called Strike
2-1: SINGLE (Line Drive, 89S)
Batting: RHB António Martínez 0-0: Swinging Strike
0-1: Ball
1-1: Ball
2-1: Swinging Strike
2-2: Ball
3-2: Strikes out swinging
Pitching: RHP Alberto Márquez
Batting: RHB David Moran 0-0: Ball
1-0: Grounds into double play, 6-4-3 (Groundball, 6)
Top of the 5th over - 0 run(s), 1 hit(s), 0 error(s), 0 left on base; Mile High 3 - Lansing 2
BOTTOM OF THE 5TH
Lansing Lugnuts batting - Pitching for Mile High Broncos : LHP Mark Stewart
Batting: RHB Sadao Kimura 0-0: Ball
1-0: Foul Ball, location: 2F
1-1: Ball
2-1: Ball
3-1: Called Strike
3-2: Base on Balls
Batting: RHB Kun Liu 0-0: Fly out, F5 (Line Drive, 5L)
Batting: RHB Arturo Rodríguez 0-0: Called Strike
0-1: Ball
1-1: Called Strike
1-2: Strikes out swinging
Batting: RHB Billy Campbell 0-0: Ball
1-0: Called Strike
1-1: Ball
Sadao Kimura steals 2nd base
2-1: Reached on error, E5 (Groundball, 5S)
Sadao Kimura to third
Batting: RHB Gustavo Díaz 0-0: Ball
1-0: Ball
2-0: Fly out, F8 (Flyball, 8LXD)
Bottom of the 5th over - 0 run(s), 0 hit(s), 1 error(s), 2 left on base; Mile High 3 - Lansing 2
TOP OF THE 6TH
Mile High Broncos batting - Pitching for Lansing Lugnuts : RHP Alberto Márquez
Batting: RHB Bo Vickers 0-0: Ball
1-0: Ball
2-0: Foul Ball, location: 2F
2-1: SINGLE (Line Drive, 7S)
Batting: RHB Michael MacDonald 0-0: Called Strike
0-1: Foul Ball, location: 2F
0-2: SINGLE (Line Drive, 8LS)
Bo Vickers to second
Batting: SHB Paco Martínez 0-0: Ball
1-0: Ball
2-0: Ball
3-0: Called Strike
3-1: Swinging Strike
3-2: SINGLE (Groundball, 6MD)
Bo Vickers to third
Michael MacDonald to second
Runner from 3rd tries for Home, throw and OUT!
Michael MacDonald to third
Paco Martínez to second
Batting: RHB Francisco Medina 0-0: Ball
1-0: Foul Ball, location: 2F
1-1: Called Strike
1-2: Ball
2-2: Ball
3-2: Fly out, F8 (Flyball, 8RM)
Runner from 3rd tags up, OUT at HOME
Top of the 6th over - 0 run(s), 3 hit(s), 0 error(s), 1 left on base; Mile High 3 - Lansing 2
BOTTOM OF THE 6TH
Lansing Lugnuts batting - Pitching for Mile High Broncos : LHP Mark Stewart
Batting: RHB David Murray 0-0: Ball
1-0: Ball
2-0: Called Strike
2-1: Fly out, F8 (Flyball, 8RXD)
Batting: LHB Tom Mullins 0-0: Ball
1-0: Ball
2-0: Foul Ball, location: 2F
2-1: Ball
3-1: Foul Ball, location: 2F
3-2: Base on Balls
Pitching: RHP César Rúbio
Batting: RHB Juan Rico 0-0: Ball
Wild Pitch!
Tom Mullins to second
1-0: Foul Ball, location: 2F
1-1: Swinging Strike
1-2: Ball
2-2: Strikes out swinging
Batting: LHB Sam Barnes 0-0: Swinging Strike
0-1: Ball
1-1: Ball
2-1: Called Strike
2-2: Strikes out swinging
Bottom of the 6th over - 0 run(s), 0 hit(s), 0 error(s), 1 left on base; Mile High 3 - Lansing 2
TOP OF THE 7TH
Mile High Broncos batting - Pitching for Lansing Lugnuts : RHP Alberto Márquez
Batting: SHB Tom Stevens 0-0: Called Strike
0-1: Ball
1-1: SINGLE (Groundball, 56D)
Batting: LHB Geoff Bradley 0-0: Bunted foul
0-1: Ball
Tom Stevens steals 2nd base
1-1: Bunted foul
1-2: Ball
2-2: Ground out 6-3 (Groundball, 6)
Pitching: RHP Asher Zasko
Batting: LHB Tony Báez 0-0: Foul Ball, location: 2F
0-1: Foul Ball, location: 2F
0-2: Foul Ball, location: 2F
0-2: Ball
1-2: Foul Ball, location: 2F
1-2: Ball
2-2: Ball
3-2: SINGLE (Line Drive, 7LS)
Tom Stevens to third
Runner from 3rd tries for Home, SAFE, throw made home
Tony Báez to second
Batting: RHB António Martínez 0-0: Swinging Strike
0-1: Ball
1-1: Swinging Strike
1-2: Ball
2-2: Foul Ball, location: 2F
2-2: Foul Ball, location: 2F
2-2: Ball
3-2: Foul Ball, location: 2F
3-2: Foul Ball, location: 2F
3-2: 2-RUN HOME RUN (Flyball, 9D), Distance : 404 ft
Batting: RHB David Moran 0-0: Foul Ball, location: 2F
0-1: Ball
1-1: Ball
2-1: Fly out, F8 (Flyball, 8RD)
Batting: RHB Bo Vickers 0-0: Called Strike
0-1: Foul Ball, location: 2F
0-2: Ball
1-2: Foul Ball, location: 2F
1-2: Ground out 6-3 (Groundball, 6)
Top of the 7th over - 3 run(s), 3 hit(s), 0 error(s), 0 left on base; Mile High 6 - Lansing 2
BOTTOM OF THE 7TH
Lansing Lugnuts batting - Pitching for Mile High Broncos : RHP César Rúbio
Batting: RHB Sadao Kimura 0-0: Ball
1-0: Ball
2-0: Swinging Strike
2-1: Called Strike
2-2: SINGLE (Line Drive, 8LS)
Batting: RHB Kun Liu 0-0: Ball
1-0: SINGLE (Groundball, 5D)
Sadao Kimura to second
Batting: RHB Arturo Rodríguez 0-0: Ball
1-0: Foul Ball, location: 2F
1-1: Swinging Strike
1-2: Ball
2-2: Strikes out swinging
Batting: RHB Billy Campbell 0-0: Fly out, F6 (Line Drive, 6)
Batting: RHB Gustavo Díaz 0-0: Called Strike
0-1: Foul Ball, location: 2F
0-2: Ball
1-2: Strikes out swinging
Bottom of the 7th over - 0 run(s), 2 hit(s), 0 error(s), 2 left on base; Mile High 6 - Lansing 2
TOP OF THE 8TH
Mile High Broncos batting - Pitching for Lansing Lugnuts : RHP Asher Zasko
Batting: RHB Michael MacDonald 0-0: Called Strike
0-1: Ball
1-1: Ball
2-1: Ball
3-1: Foul Ball, location: 2F
3-2: Fly out, F3 (Popup, 3SF)
Batting: SHB Paco Martínez 0-0: Ball
1-0: Ball
2-0: Foul Ball, location: 2F
2-1: Ground out U3 (Groundball, 3)
Batting: RHB Francisco Medina 0-0: Foul Ball, location: 2F
0-1: Ball
1-1: Foul Ball, location: 2F
1-2: Fly out, F8 (Flyball, 8LM)
Top of the 8th over - 0 run(s), 0 hit(s), 0 error(s), 0 left on base; Mile High 6 - Lansing 2
BOTTOM OF THE 8TH
Lansing Lugnuts batting - Pitching for Mile High Broncos : RHP César Rúbio
Batting: RHB David Murray 0-0: Ball
1-0: SINGLE (Flyball, 89S)
Batting: LHB Tom Mullins 0-0: Called Strike
0-1: Grounds into double play, 4-6-3 (Groundball, 4)
Batting: RHB Juan Rico 0-0: Called Strike
0-1: Called Strike
0-2: Foul Ball, location: 2F
0-2: Ball
1-2: Reached on error, E5 (Groundball, 5S)
Batting: LHB Sam Barnes 0-0: Called Strike
0-1: Swinging Strike
0-2: Ground out 1-3 (Groundball, 15S)
Bottom of the 8th over - 0 run(s), 1 hit(s), 1 error(s), 1 left on base; Mile High 6 - Lansing 2
TOP OF THE 9TH
Mile High Broncos batting - Pitching for Lansing Lugnuts : RHP Asher Zasko
Batting: SHB Tom Stevens 0-0: Ball
1-0: Foul Ball, location: 2F
1-1: Ball
2-1: SINGLE (Line Drive, 8LS)
Batting: LHB Geoff Bradley 0-0: Bunted foul
0-1: Sac Bunt - play at first, batter OUT! 1-4
Tom Stevens to second
Batting: LHB Tony Báez 0-0: Foul Ball, location: 2F
Balk!
Tom Stevens to third
0-1: Foul Ball, location: 2F
0-2: DOUBLE (Flyball, 7LD)
Tom Stevens scores
Pitching: RHP Joe Utter
Batting: RHB António Martínez 0-0: Called Strike
0-1: Ball
1-1: Called Strike
1-2: Strikes out looking
Batting: RHB David Moran 0-0: Ball
1-0: Ball
2-0: Ball
3-0: Base on Balls
Batting: RHB Bo Vickers 0-0: Called Strike
0-1: Ball
Wild Pitch!
Tony Báez to third
David Moran to second
1-1: Called Strike
1-2: Fly out, F4 (Popup, 4)
Top of the 9th over - 1 run(s), 2 hit(s), 0 error(s), 2 left on base; Mile High 7 - Lansing 2
BOTTOM OF THE 9TH
Lansing Lugnuts batting - Pitching for Mile High Broncos : RHP César Rúbio
Now at 1B: Juan Medina
Now at 2B: Keith Shaffer
Batting: RHB Sadao Kimura 0-0: Foul Ball, location: 2F
0-1: Ball
1-1: Called Strike
1-2: Strikes out swinging
Batting: RHB Kun Liu 0-0: Foul Ball, location: 2F
0-1: Ball
1-1: Called Strike
1-2: Ball
2-2: Fly out, F9 (Flyball, 89S)
Pitching: RHP David Bailey
Batting: RHB Arturo Rodríguez 0-0: Ball
1-0: Ball
2-0: Foul Ball, location: 2F
2-1: Swinging Strike
2-2: Strikes out swinging
Bottom of the 9th over - 0 run(s), 0 hit(s), 0 error(s), 0 left on base; Mile High 7 - Lansing 2
Monday, December 5th, 2016 - OOTP Baseball 17.12 Build 75